 Dungeon Sprint DCSS version 0.23.2 (webtiles) character file.

Game seed: 5856569373648951595

10100000 Fang the Conqueror (level 27, -12/249 HPs)
             Began as a Demonspawn Gladiator on Apr 2, 2019.
             Was the Champion of Makhleb.
             Mangled by a bag of meat
             ... wielding a +9 war axe
              (18 damage)
             ... in the Dungeon (Sprint VIII: "Arena of Blood").
             The game lasted 00:02:09 (101 turns).

Fang the Conqueror (Demonspawn Gladiator)            Turns: 101, Time: 00:02:10

Health: -12/249    AC: 10    Str: 23    XL:     27
Magic:  0/54       EV: 32    Int: 13    God:    Makhleb [******]
Gold:   0          SH:  0    Dex: 16    Spells: 80/80 levels left

rFire    . . .     SeeInvis +   l - +∞ Axe of Woe
rCold    + . .     Gourm    .   (shield currently unavailable)
rNeg     . . .     Faith    .   b - +0 leather armour
rPois    .         Spirit   +   (helmet unavailable)
rElec    .         Reflect  .   (no cloak)
rCorr    +         Harm     .   (no gloves)
MR       ++...     NoTele   +   (no boots)
Stlth    +++++++++.             (no amulet)
HPRegen  0.51/turn              (no ring)
MPRegen  0.68/turn              (no ring)

@: slowed, very slow
A: antennae 3, yellow scales 3, cold resistance 1, foul stench 2, passive
freeze, magic shield, magic regeneration, magic link, rot immunity, freezing
cloud immunity
a: Minor Destruction, Lesser Servant of Makhleb, Major Destruction, Greater
Servant of Makhleb, Renounce Religion


You were in the Dungeon.
You worshipped Makhleb.
Makhleb was exalted by your worship.
You were not hungry.

You visited 1 branch

Inventory:

Hand Weapons
 a - a +0 war axe
 l - the +∞ Axe of Woe (weapon)
   (You found it in the Dungeon)
Missiles
 d - 3 throwing nets (quivered)
Armour
 b - a +0 leather armour (worn)
 c - a +0 helmet
Scrolls
 k - a scroll of blinking
Potions
 e - a potion of curing
 g - a potion of heal wounds
 h - a potion of haste
 i - 2 potions of magic
 j - a potion of berserk rage
Comestibles
 f - a ration


   Skills:
 O Level 27 Fighting
 O Level 27 Axes
 O Level 27 Throwing
 O Level 27 Armour
 O Level 27 Dodging
 O Level 27 Stealth
 O Level 27 Unarmed Combat
 O Level 27 Spellcasting
 O Level 27 Invocations


You had 80 spell levels left.
You didn't know any spells.
Your spell library was empty.

Dungeon Overview and Level Annotations

Branches:
Dungeon (1/1)

Altars:
Makhleb


Innate Abilities, Weirdness & Mutations

You have a pair of large antennae on your head. (SInv)
You are completely covered in yellow scales. (AC +4, rCorr)
Your flesh is cold resistant. (rC+)
You frequently emit foul miasma when damaged in melee.
A frigid envelope surrounds you and freezes all who hurt you.
When hurt, damage is shared between your health and your magic reserves.
You regenerate magic rapidly.
When low on magic, you restore magic in place of health.
You are immune to rotting.
You are immune to freezing clouds.


Message History

The meat beast is lightly wounded.
You hear a shout! x2
The bag of meat is engulfed in blazing flames. x2
The bag of meat hits you with a +9 war axe!!!
* * * LOW HITPOINT WARNING * * *
The bag of meat is very cold.
The bag of meat is almost dead.
The bag of meat looks sick.
The dread calls on the powers of darkness!
Something is bathed in an unholy light! x23; The observer convulses!
Something is bathed in an unholy light! x2; The bag of meat convulses!
Your body is wracked with pain!
* * * LOW HITPOINT WARNING * * *
Something is bathed in an unholy light!
The bag of meat convulses!
Something is bathed in an unholy light!
You hear a shout! x2
A bag of meat comes into view. It is wielding a +9 war axe.
The bag of meat is engulfed in blazing flames.
The bag of meat hits you with a +9 war axe!!
You die...

..... ... ......
#....o..# W..#...
#.......# .
#......###L... ..###{.
.%...%..%.%O###.%%...
....#.......%_%.....
..#%......#..)))#
...%%G..§☼#_)<._#
#.%%o@2°#%))).#...
....#.2oo§O))_%.......
......§§°W)%###%......
.%....2###)G)...%###..
.....Do{ #.%%%...# .
....... {#..O..%.#
#...... {..........
.#.#... ...........
.#.. { ...........


You could see 2 meat beasts, a tyrant, a reaper, an eight-headed meat hydra, 2
observers, a large bag of meat (inner flame), 2 dreads, 2 meat berserkers and 5
bags of meat.

Vanquished Creatures
  Sigmund (D)
  5 hell beasts (D)
  5 greater mummies (D)
  A great orb of eyes (D)
  3 wraiths (D)
  21 vampire knights (D)
  37 ogres (D)
  9 two-headed ogres (D)
  5 liches (D)
  46 orcs (D)
  A phantom (D)
  5 skeletal warriors (D)
  5 large abominations (D)
  7 small abominations (D)
  13 crawling corpses (D)
164 creatures vanquished.

Vanquished Creatures (others)
  A crawling corpse (D)
1 creature vanquished.

Grand Total: 165 creatures vanquished

Notes
Turn   | Place    | Note
-------+----------+-------------------------------------------
     0 | D        | Found the +∞ Axe of Woe
     0 | D        | Fang the Demonspawn Gladiator began the quest for the Orb.
     0 | D        | Reached XP level 1. HP: 16/16 MP: 1/1
     4 | D        | Became a worshipper of Makhleb the Destroyer
     4 | D        | Noticed a bag of meat
     5 | D        | Noticed a meat berserker
     6 | D        | Noticed a bag of meat
     7 | D        | Noticed a bag of meat
     8 | D        | Noticed a bag of meat
    10 | D        | Killed a bag of meat
    10 | D        | Gained mutation: You have a pair of small antennae on your
                  | head. [demonic ancestry]
    10 | D        | Reached XP level 2. HP: 43/43 MP: 2/2
    10 | D        | Gained mutation: When hurt, damage is shared between your
                  | health and your magic reserves. [demonic ancestry]
    10 | D        | Reached XP level 3. HP: 49/49 MP: 3/3
    10 | D        | Reached XP level 4. HP: 56/56 MP: 4/4
    10 | D        | Reached XP level 5. HP: 62/62 MP: 5/5
    10 | D        | Gained mutation: You have a pair of antennae on your head.
                  | [demonic ancestry]
    10 | D        | Reached XP level 6. HP: 69/69 MP: 6/6
    10 | D        | Reached XP level 7. HP: 75/75 MP: 7/7
    10 | D        | Reached XP level 8. HP: 82/82 MP: 8/8
    10 | D        | Gained mutation: You are partially covered in yellow
                  | scales. (AC +2) [demonic ancestry]
    10 | D        | Reached XP level 9. HP: 88/88 MP: 9/9
    10 | D        | Gained mutation: You are mostly covered in yellow scales.
                  | (AC +3) [demonic ancestry]
    10 | D        | Reached XP level 10. HP: 95/95 MP: 10/10
    10 | D        | Gained mutation: You are completely covered in yellow
                  | scales. (AC +4, rCorr) [demonic ancestry]
    10 | D        | Reached XP level 11. HP: 101/101 MP: 11/11
    10 | D        | Noticed a meat berserker
    10 | D        | Noticed a bag of meat
    10 | D        | Noticed a bag of meat
    11 | D        | Killed a meat berserker
    11 | D        | Reached * piety under Makhleb
    11 | D        | Reached XP level 12. HP: 33/116 MP: 3/12
    11 | D        | Gained mutation: Your flesh is cold resistant. (rC+)
                  | [demonic ancestry]
    11 | D        | Reached XP level 13. HP: 35/122 MP: 3/13
    11 | D        | Killed a bag of meat
    11 | D        | Gained mutation: You are immune to rotting. [demonic
                  | ancestry]
    11 | D        | Reached XP level 14. HP: 38/133 MP: 3/14
    11 | D        | Noticed a meat berserker
    11 | D        | Noticed a bag of meat
    12 | D        | Killed a bag of meat
    12 | D        | Noticed a meat berserker
    13 | D        | Killed a meat berserker
    13 | D        | Reached ** piety under Makhleb
    13 | D        | Reached XP level 15. HP: 76/146 MP: 3/15
    13 | D        | Noticed a meat berserker
    14 | D        | Killed a meat berserker
    14 | D        | Reached XP level 16. HP: 77/159 MP: 2/16
    14 | D        | Reached *** piety under Makhleb
    14 | D        | Gained mutation: You regenerate magic rapidly. [demonic
                  | ancestry]
    14 | D        | Reached XP level 17. HP: 116/169 MP: 2/17
    14 | D        | Noticed a meat berserker
    15 | D        | Killed a meat berserker
    17 | D        | Killed a meat berserker
    17 | D        | Reached **** piety under Makhleb
    17 | D        | Reached skill level 27 in Fighting
    17 | D        | Gained mutation: You have a pair of large antennae on your
                  | head. (SInv) [demonic ancestry]
    17 | D        | Reached XP level 18. HP: 73/182 MP: 2/18
    17 | D        | Noticed a meat berserker
    19 | D        | Killed a meat berserker
    19 | D        | Reached skill level 27 in Axes
    19 | D        | Reached skill level 27 in Throwing
    19 | D        | Reached skill level 27 in Dodging
    19 | D        | Killed a meat berserker
    19 | D        | Reached skill level 10 in Armour
    19 | D        | Reached skill level 10 in Unarmed Combat
    19 | D        | Reached skill level 10 in Spellcasting
    19 | D        | Gained mutation: You may emit foul miasma when damaged in
                  | melee. [demonic ancestry]
    19 | D        | Reached XP level 19. HP: 177/189 MP: 2/33
    20 | D        | Noticed a meat berserker
    20 | D        | Noticed a meat berserker
    21 | D        | Noticed a large bag of meat
    21 | D        | Noticed a meat berserker
    21 | D        | Noticed a destroyer
    22 | D        | Noticed a large bag of meat
    23 | D        | Noticed a destroyer
    23 | D        | Noticed a large bag of meat
    24 | D        | Killed a destroyer
    24 | D        | Reached skill level 15 in Armour
    24 | D        | Reached skill level 15 in Unarmed Combat
    24 | D        | Reached skill level 15 in Spellcasting
    24 | D        | Killed a meat berserker
    24 | D        | Reached ***** piety under Makhleb
    24 | D        | Reached XP level 20. HP: 161/197 MP: 1/41
    25 | D        | Killed a meat berserker
    25 | D        | Killed a large bag of meat
    25 | D        | Killed a destroyer
    25 | D        | Reached skill level 27 in Invocations
    25 | D        | Gained mutation: You frequently emit foul miasma when
                  | damaged in melee. [demonic ancestry]
    25 | D        | Reached XP level 21. HP: 204/204 MP: 2/46
    27 | D        | Noticed a large bag of meat
    28 | D        | Killed a large bag of meat
    28 | D        | Killed a large bag of meat
    28 | D        | Reached ****** piety under Makhleb
    28 | D        | Reached skill level 27 in Stealth
    28 | D        | Gained mutation: When low on magic, you restore magic in
                  | place of health. [demonic ancestry]
    28 | D        | Reached XP level 22. HP: 212/212 MP: 3/51
    28 | D        | Reached skill level 27 in Armour
    28 | D        | Reached skill level 27 in Unarmed Combat
    28 | D        | Reached skill level 27 in Spellcasting
    29 | D        | Killed a large bag of meat
    30 | D        | Reached XP level 23. HP: 219/219 MP: 4/54
    31 | D        | Noticed a destroyer
    31 | D        | Noticed a destroyer
    33 | D        | Noticed a destroyer
    34 | D        | Killed a destroyer
    35 | D        | Killed a destroyer
    35 | D        | Gained mutation: You are immune to freezing clouds.
                  | [demonic ancestry]
    35 | D        | Reached XP level 24. HP: 227/227 MP: 7/54
    37 | D        | Noticed a large bag of meat
    38 | D        | Noticed a destroyer
    40 | D        | Killed a destroyer
    40 | D        | Noticed a destroyer
    41 | D        | Gained mutation: A frigid envelope surrounds you and
                  | freezes all who hurt you. [demonic ancestry]
    41 | D        | Reached XP level 25. HP: 234/234 MP: 12/54
    41 | D        | Noticed a destroyer
    42 | D        | Noticed a destroyer
    43 | D        | Killed a destroyer
    43 | D        | Noticed a destroyer
    45 | D        | Noticed a destroyer
    45 | D        | Noticed a destroyer
    45 | D        | Killed a destroyer
    45 | D        | Reached XP level 26. HP: 242/242 MP: 7/54
    46 | D        | Noticed an accursed
    46 | D        | Killed a destroyer
    47 | D        | Killed a destroyer
    47 | D        | Reached XP level 27. HP: 249/249 MP: 8/54
    47 | D        | Killed a destroyer
    48 | D        | Killed a destroyer
    48 | D        | Noticed a destroyer
    49 | D        | Noticed a tyrant
    51 | D        | Noticed a destroyer
    52 | D        | Noticed a tyrant
    52 | D        | Noticed a destroyer
    52 | D        | Noticed a destroyer
    52 | D        | Noticed a destroyer
    54 | D        | Killed a destroyer
    54 | D        | Killed a destroyer
    56 | D        | Killed a large bag of meat
    58 | D        | Noticed a tyrant
    58 | D        | Noticed an accursed
    59 | D        | Killed a destroyer
    60 | D        | Noticed a destroyer
    61 | D        | Killed a tyrant
    61 | D        | Noticed The Captor
    62 | D        | Noticed an accursed
    62 | D        | Noticed an accursed
    63 | D        | Killed a destroyer
    63 | D        | Killed a destroyer
    63 | D        | Noticed a dread
    67 | D        | Killed a tyrant
    67 | D        | Killed an accursed
    69 | D        | Noticed a meat beast
    69 | D        | Killed a tyrant
    69 | D        | Noticed a dread
    72 | D        | Killed a destroyer
    72 | D        | Killed The Captor
    72 | D        | Killed a destroyer
    72 | D        | Noticed a dread
    73 | D        | Killed a meat beast
    73 | D        | Noticed a destroyer
    74 | D        | Killed a dread
    74 | D        | Noticed a meat beast
    74 | D        | Noticed a tyrant
    76 | D        | Killed a dread
    76 | D        | Noticed a meat beast
    79 | D        | Killed a destroyer
    79 | D        | Killed a meat beast
    79 | D        | Noticed a large bag of meat
    80 | D        | Noticed a meat beast
    80 | D        | Noticed a large bag of meat
    81 | D        | Killed a tyrant
    81 | D        | Killed an accursed
    81 | D        | Killed a meat beast
    82 | D        | Killed an accursed
    84 | D        | Noticed a meat beast
    84 | D        | Noticed an accursed
    85 | D        | Killed a meat beast
    86 | D        | Noticed a large bag of meat
    88 | D        | Noticed a large bag of meat
    88 | D        | Noticed a destroyer
    89 | D        | Noticed a tyrant
    90 | D        | Killed a large bag of meat
    91 | D        | Killed a meat beast
    91 | D        | Killed a large bag of meat
    91 | D        | Noticed a destroyer
    93 | D        | Killed a tyrant
    94 | D        | Killed a destroyer
    96 | D        | Killed an accursed
    96 | D        | Killed a destroyer
    97 | D        | Killed a dread
    97 | D        | Killed a large bag of meat
    97 | D        | Noticed a meat beast
    97 | D        | Noticed a dread
    98 | D        | Killed an accursed
    99 | D        | Noticed a large bag of meat
   100 | D        | Killed a large bag of meat
   100 | D        | Noticed a tyrant
   100 | D        | Noticed a meat beast
   101 | D        | Noticed a dread
   101 | D        | HP: 9/249 [bag of meat/+9 war axe (39)]
   101 | D        | Mangled by a bag of meat

Skill      XL: |  1  2  3  4  5  6  7  8  9 10 11 12 13 14 15 16 17 18 19 20 21 22 |
---------------+-------------------------------------------------------------------+-----
Fighting       | 14 18 19 22 24 25 27 | 27.0
Axes           | 13 17 18 20 22 23 26 27 | 27.0
Throwing       | 13 16 18 20 22 23 26 27 | 27.0
Dodging        | 13 17 18 20 22 23 26 27 | 27.0
Armour         | 10 17 21 25 27 | 27.0
Stealth        | 11 18 23 27 | 27.0
Unarmed Combat | 10 17 21 25 27 | 27.0
Spellcasting   | 10 17 21 25 27 | 27.0
Invocations    | 14 22 27 | 27.0

Action                   |  1- 3 |  4- 6 |  7- 9 | 10-12 | 13-15 | 16-18 | 19-21 | 22-24 | 25-27 || total
-------------------------+-------+-------+-------+-------+-------+-------+-------+-------+-------++-------
Melee: Executioner's axe |     1 |       |       |     1 |     3 |     3 |     5 |     9 |    54 ||    76
Armor: Leather armour    |       |       |       |       |       |       |       |       |     1 ||     1
Dodge: Dodged            |       |       |       |       |       |       |     1 |       |    10 ||    11
